[Event "Titled Tuesday Blitz July 05 Late 2022"]
[White "Maksimovic, Bojan"]
[Black "Iliaguev, Nisim"]
[WhiteFideId "14408120"]
[BlackFideId "2817276"]
[WhiteElo "2453"]
[BlackElo "2107"]
[Result "0-1"]
[Round "08"]
[TimeControl "180+1"]
[Date "2022.07.05"]
[WhiteClock "0:00:10"]
[BlackClock "0:00:26"]

1. e4 c6 2. d4 d5 3. Nc3 dxe4 4. Nxe4 Nf6 5. Nxf6+ exf6 6. c3 Bd6 7. Bd3 O-O 8. Qc2 Re8+ 9. Ne2 h6 10. O-O Nd7 11. Bd2 Nf8 12. Rae1 Qc7 13. h3 Be6 14. c4 b6 15. b4 c5 16. bxc5 bxc5 17. d5 Bd7 18. Nc3 Be5 19. Ne4 f5 20. Nc3 f4 21. Be4 Qd6 22. Bf3 Rab8 23. Ne4 Qg6 24. Qc1 Bd4 25. Bxf4 Rb2 26. Bg3 f5 27. Nc3 Rxe1 28. Rxe1 f4 29. Bh4 Rc2 30. Qxf4 Rxc3 31. d6 Be6 32. Kh1 Rxc4 33. Be4 Qf7 34. Qg3 Rc3 35. Qh2 Nd7 36. Be7 Be5 37. g3 Bd4 38. Rf1 Bd5 39. Qg2 Bxe4 40. Qxe4 Rf3 41. Qa8+ Kh7 42. Qe4+ Qf5 43. Qxf5+ Rxf5 44. f4 Rd5 45. Rb1 Bf6 46. Rb7 Nb6 47. Rxa7 Bd4 48. Rb7 c4 49. a4 c3 50. a5 c2 51. axb6 c1=Q+ 52. Kg2 Qd2+ 53. Kf3 Qf2+ 54. Ke4 Rxd6 55. Bxd6 Qe3+ 56. Kd5 Qd3 57. Rc7 Bxb6+ 58. Kc6 Bxc7 59. Kxc7 Qxg3 60. Be5 Qxh3 61. Kd6 Qf5 62. Kd5 h5 63. Kd4 h4 64. Ke3 Kg6 65. Kf3 Kh5 66. Kg2 g6 67. Kf2 Kg4 68. Kg2 Qe4+ 69. Kf1 h3 0-1


[Site "https://www.chess.com"]

[Event "Titled Tuesday Blitz July 05 Late 2022"]
[White "Manelyuk, Daniil"]
[Black "Diaz Rosas, Julio Cesar"]
[WhiteFideId "44173920"]
[BlackFideId "5105099"]
[WhiteElo "2209"]
[BlackElo "2278"]
[Result "1-0"]
[Round "08"]
[TimeControl "180+1"]
[Date "2022.07.06"]
[WhiteClock "0:00:11"]
[BlackClock "0:00:04"]

1. e4 e5 2. Nf3 Nc6 3. Bb5 a6 4. Ba4 Nf6 5. O-O Nxe4 6. d4 b5 7. Bb3 d5 8. dxe5 Be6 9. c3 Be7 10. Nbd2 O-O 11. Bc2 f5 12. exf6 Nxf6 13. Nb3 Qd7 14. Nfd4 Bg4 15. f3 Be6 16. Nxe6 Qxe6 17. Re1 Qd7 18. Bg5 Rae8 19. Qd3 g6 20. Rad1 Nh5 21. Bh6 Rf5 22. Qe3 Re5 23. Qxe5 Nxe5 24. Rxe5 Bd6 25. Rexd5 Qf7 26. Be4 Nf4 27. R5d2 Kh8 28. Nd4 Qf6 29. g3 g5 30. Nf5 Bc5+ 31. Kh1 Ne6 32. Rd7 Bd6 33. Kg2 Qg6 34. Nxd6 Qf6 35. Nxe8 Qxh6 36. Nxc7 g4 37. Nxe6 Qxe6 38. Rd8+ Kg7 39. R1d7+ Kf6 40. Rd6 1-0


[Site "https://www.chess.com"]

[Event "Titled Tuesday Blitz July 05 Late 2022"]
[White "Martin Carmona, Gaston Manuel"]
[Black "Domingo Nunez, Ruben"]
[WhiteFideId "22284567"]
[BlackFideId "22245570"]
[WhiteElo "2162"]
[BlackElo "2373"]
[Result "0-1"]
[Round "08"]
[TimeControl "180+1"]
[Date "2022.07.05"]
[WhiteClock "0:01:02"]
[BlackClock "0:02:02"]

1. e4 Nc6 2. Nf3 d5 3. exd5 Qxd5 4. Nc3 Qa5 5. Bc4 Bg4 6. h3 Qh5 7. Be2 Nf6 8. Rg1 Bd7 9. d4 Qa5 10. Bf4 e6 11. Qd2 Bb4 12. a3 Ne4 13. Qc1 Bxc3+ 14. bxc3 Qxc3+ 15. Kf1 Nxd4 16. Be5 Nxe2 17. Bxc3 Nxc1 18. Bxg7 Rg8 19. Bb2 Bb5+ 20. Ke1 Ne2 0-1


[Site "https://www.chess.com"]

[Event "Titled Tuesday Blitz July 05 Late 2022"]
[White "Matsuura, Frederico"]
[Black "Madaminov, Mukhiddin"]
[WhiteFideId "2107848"]
[BlackFideId "14210703"]
[WhiteElo "2302"]
[BlackElo "2011"]
[Result "0-1"]
[Round "08"]
[TimeControl "180+1"]
[Date "2022.07.05"]
[WhiteClock "0:00:27"]
[BlackClock "0:00:08"]

1. d4 Nf6 2. Bg5 e6 3. Nf3 d5 4. e3 Be7 5. Bd3 O-O 6. Nbd2 c5 7. c3 Nc6 8. Ne5 Nxe5 9. dxe5 Nd7 10. Bf4 f6 11. Qh5 f5 12. g4 g6 13. Qh3 c4 14. Bc2 Nc5 15. O-O-O Qa5 16. gxf5 exf5 17. Kb1 b5 18. a3 Qb6 19. Rhg1 a5 20. Qh6 b4 21. cxb4 axb4 22. axb4 Nd3 23. Bxd3 cxd3 24. h4 Rf7 25. h5 Rg7 26. hxg6 hxg6 27. Rh1 Qa6 28. Kc1 Qc6+ 29. Kb1 Qc2# 0-1


[Site "https://www.chess.com"]

[Event "Titled Tuesday Blitz July 05 Late 2022"]
[White "Melikhov, Evgeny V."]
[Black "Romanchuk, Viktor"]
[WhiteFideId "4122046"]
[BlackFideId "14109271"]
[WhiteElo "1995"]
[BlackElo "2242"]
[Result "1-0"]
[Round "08"]
[TimeControl "180+1"]
[Date "2022.07.06"]
[WhiteClock "0:00:08"]
[BlackClock "0:00:03"]

1. d4 d5 2. c4 c6 3. Nc3 Nf6 4. e3 e6 5. Nf3 Nbd7 6. Bd3 Be7 7. O-O O-O 8. e4 dxe4 9. Nxe4 c5 10. Qe2 b6 11. Rd1 Bb7 12. dxc5 bxc5 13. Nxf6+ Bxf6 14. Bf4 Qc8 15. Ng5 h6 16. Nh7 Qc6 17. Qg4 Bxb2 18. Nxf8 Rxf8 19. Rab1 Ne5 20. Qg3 Nxd3 21. Rxd3 Bd4 22. Bxh6 Bf6 23. Rbd1 Re8 24. Be3 Ba6 25. Qg4 Qa4 26. Bxc5 Qxa2 27. R3d2 Qxc4 28. Qxc4 Bxc4 29. Bxa7 Ra8 30. Bd4 Bd5 31. Bxf6 gxf6 32. f3 f5 33. Kf2 Kg7 34. Kg3 Kf6 35. Rxd5 exd5 36. Rxd5 Ra4 37. Rb5 Kg5 38. h4+ Kg6 39. Rb6+ f6 40. Rb8 Rc4 41. Rg8+ Kh7 42. Rf8 Kg6 43. h5+ Kxh5 44. Rxf6 Kg5 45. Rf8 Rb4 46. Rg8+ Kf6 47. Kh3 Rb7 48. Ra8 Rh7+ 49. Kg3 Rb7 50. Ra6+ Kg5 51. Ra5 Rb4 52. Kh3 Rc4 53. g4 Rf4 54. Kg3 Rb4 55. Rxf5+ Kg6 56. Ra5 Rc4 57. Ra6+ Kg7 58. f4 Rb4 59. f5 Rc4 60. Kh4 Rc7 61. Kg5 Rb7 62. Rd6 Rc7 63. Rg6+ Kf7 64. Rh6 Kg7 65. f6+ Kg8 66. Kf5 Rc5+ 67. Kg6 Rc7 68. f7+ Rxf7 69. Rh8+ Kxh8 70. Kxf7 Kh7 71. g5 Kh8 72. Kf6 1-0


[Site "https://www.chess.com"]

[Event "Titled Tuesday Blitz July 05 Late 2022"]
[White "Meshkovs, Nikita"]
[Black "Shuvalova, Polina"]
[WhiteFideId "11602740"]
[BlackFideId "24171760"]
[WhiteElo "2506"]
[BlackElo "2330"]
[Result "0-1"]
[Round "08"]
[TimeControl "180+1"]
[Date "2022.07.05"]
[WhiteClock "0:00:16"]
[BlackClock "0:00:27"]

1. c4 e6 2. Nf3 d5 3. h3 Nf6 4. d4 Be7 5. Nc3 O-O 6. Bg5 h6 7. Bxf6 Bxf6 8. Qc2 dxc4 9. O-O-O c5 10. dxc5 Qc7 11. Ne4 Be7 12. Qxc4 Na6 13. e3 Nxc5 14. Nxc5 Qxc5 15. Qxc5 Bxc5 16. Bd3 Rb8 17. Be4 f5 18. Bc2 b5 19. Ne5 Rb7 20. Kb1 a5 21. g3 a4 22. Rd2 g5 23. Rhd1 f4 24. exf4 gxf4 25. Ng6 Re8 26. Rd8 Kf7 27. Nxf4 Rxd8 28. Rxd8 Bd7 29. Rh8 Bxf2 30. Rh7+ Kg8 31. Be4 Ra7 32. Nxe6 Bxe6 33. Rxh6 Bc4 34. Rf6 Bd4 35. Rf4 Bc5 36. Rf5 Be3 37. b3 axb3 38. axb3 Be2 39. Re5 Kf8 40. Bf5 Re7 41. Rxe7 Kxe7 42. Kc2 Bf2 43. Bd3 Bxd3+ 44. Kxd3 Bxg3 45. Kc3 Kd6 46. Kb4 Kc6 0-1


[Site "https://www.chess.com"]

[Event "Titled Tuesday Blitz July 05 Late 2022"]
[White "Miszler, Levente"]
[Black "Martins, Bruno Andre Leite"]
[WhiteFideId "763276"]
[BlackFideId "1942255"]
[WhiteElo "1966"]
[BlackElo "2282"]
[Result "1-0"]
[Round "08"]
[TimeControl "180+1"]
[Date "2022.07.06"]
[WhiteClock "0:00:04"]
[BlackClock "0:00:02"]

1. Nf3 Nf6 2. c4 g6 3. g3 Bg7 4. Bg2 O-O 5. O-O d6 6. Nc3 e5 7. d3 Nc6 8. Rb1 a5 9. a3 Re8 10. Bg5 h6 11. Bxf6 Bxf6 12. b4 axb4 13. axb4 Bg7 14. b5 Ne7 15. Qc2 c6 16. Ra1 Be6 17. Rfb1 Qd7 18. Nd2 Nf5 19. e3 h5 20. Nde4 Qe7 21. bxc6 bxc6 22. h4 d5 23. Ng5 dxc4 24. Bxc6 cxd3 25. Qxd3 Rxa1 26. Rxa1 Rc8 27. Nxe6 Qxe6 28. Bd5 Rxc3 29. Qxc3 Qxd5 30. Rc1 e4 31. Qc8+ Kh7 32. Qc4 Qd2 33. Rf1 Nd6 34. Qc1 Qa5 35. Rd1 Qe5 36. Qc7 Bf8 37. Qc6 Kg8 38. Qd5 Qe7 39. Ra1 Ne8 40. Ra8 Nf6 41. Qd8 Qb4 42. Rb8 Qe1+ 43. Kg2 Nh7 44. Rb7 Qe2 45. Qd7 Qf3+ 46. Kg1 Qf6 47. Rb8 Qe7 48. Qxe7 1-0


[Site "https://www.chess.com"]

[Event "Titled Tuesday Blitz July 05 Late 2022"]
[White "Nazaretyan, Tigran"]
[Black "Doluhanova, Evgeniya"]
[WhiteFideId "24162345"]
[BlackFideId "14112035"]
[WhiteElo "2179"]
[BlackElo "2076"]
[Result "1-0"]
[Round "08"]
[TimeControl "180+1"]
[Date "2022.07.06"]
[WhiteClock "0:00:14"]
[BlackClock "0:00:01"]

1. d4 Nf6 2. c4 e6 3. Nf3 b6 4. a3 Bb7 5. Nc3 Be7 6. d5 O-O 7. e4 d6 8. Bd3 c6 9. O-O cxd5 10. cxd5 exd5 11. exd5 Nbd7 12. Bf4 Nxd5 13. Nxd5 Bxd5 14. Bxh7+ Kxh7 15. Qxd5 Nf6 16. Qd3+ Kg8 17. Rad1 d5 18. Ng5 Qd7 19. Be5 g6 20. Qf3 Qg4 21. Qe3 Rfe8 22. Rd4 Qf5 23. Nf3 Ng4 24. Rxg4 Qxg4 25. h3 Qh5 26. Bc3 Bc5 27. Qd2 d4 28. Nxd4 Rad8 29. Qf4 Bxd4 30. Bxd4 Qf5 31. Qxf5 gxf5 32. Bc3 Rc8 33. Rd1 Red8 34. Re1 Rd7 35. Re5 Rc5 36. Re8+ Kh7 37. h4 Kg6 38. Rg8+ Kh7 39. Rh8+ Kg6 40. f4 f6 41. Rf8 Rf7 42. h5+ Kg7 43. Rd8 Kh6 44. Rh8+ Rh7 45. Rf8 Kxh5 46. Rxf6 Kg4 47. Be5 Rd7 48. Rg6+ Kh5 49. Rg5+ Kh4 50. Rxf5 Kg3 51. Rg5+ Kh4 52. Kh2 Rd2 53. Rg7 1-0


[Site "https://www.chess.com"]

[Event "Titled Tuesday Blitz July 05 Late 2022"]
[White "Nguyen, Quoc Hy"]
[Black "Timofeev, Artyom"]
[WhiteFideId "12410853"]
[BlackFideId "4140419"]
[WhiteElo "1938"]
[BlackElo "2578"]
[Result "0-1"]
[Round "08"]
[TimeControl "180+1"]
[Date "2022.07.05"]
[WhiteClock "0:00:03"]
[BlackClock "0:00:22"]

1. d4 Nf6 2. Nf3 g6 3. Bg5 Bg7 4. Nbd2 O-O 5. e4 d6 6. Bd3 Nc6 7. O-O e5 8. c3 h6 9. Bh4 Qe8 10. Re1 Nh5 11. d5 Ne7 12. Nf1 Nf4 13. Bg3 Nxd3 14. Qxd3 f5 15. exf5 gxf5 16. Bh4 Ng6 17. Qc4 Qf7 18. g3 f4 19. N1d2 Bg4 20. h3 Bxh3 21. Qd3 Bg4 22. Nh2 Bf5 23. Ne4 Kh8 24. Kh1 Rg8 25. Nf3 Raf8 26. Nfd2 fxg3 27. Bxg3 Bf6 28. Qf3 Qd7 29. Nxf6 Rxf6 30. Qh5 Kg7 31. Rg1 Bg4 32. Qh2 h5 33. Rae1 Rgf8 34. Bh4 Rf5 35. Rg3 Rxf2 36. Rg2 Rxg2 37. Kxg2 Qf5 38. Bg3 Qc2 39. Kg1 Qxb2 40. Ne4 Qxh2+ 41. Bxh2 Bf3 42. Ng5 Bxd5 43. Rd1 Bg8 44. a4 a5 45. c4 b6 46. Rc1 Rf5 47. Ne4 Rf3 48. Kg2 Re3 49. Nc3 Bxc4 50. Kf2 Rh3 51. Kg2 Rd3 52. Nb5 Bxb5 53. axb5 Kf6 54. Rxc7 Rd5 55. Rc6 Rxb5 56. Rxd6+ Kf5 57. Bg1 Rb2+ 58. Kg3 b5 59. Ra6 a4 60. Bc5 Rb3+ 61. Kg2 Nf4+ 62. Kf2 Nd3+ 0-1


[Site "https://www.chess.com"]

[Event "Titled Tuesday Blitz July 05 Late 2022"]
[White "Olenik Campa, Rudi"]
[Black "Ambartsumova, Karina"]
[WhiteFideId "14633264"]
[BlackFideId "4166299"]
[WhiteElo "2066"]
[BlackElo "2262"]
[Result "1-0"]
[Round "08"]
[TimeControl "180+1"]
[Date "2022.07.06"]
[WhiteClock "0:00:13"]
[BlackClock "0:00:07"]

1. e4 e5 2. Nf3 Nc6 3. Bc4 Bc5 4. O-O Nf6 5. Re1 O-O 6. d3 a6 7. c3 d6 8. a4 Ba7 9. Nbd2 Ne7 10. Nf1 Ng6 11. Ng3 c6 12. Be3 Bxe3 13. Rxe3 d5 14. Bb3 Re8 15. a5 Be6 16. exd5 Nxd5 17. Re1 Ndf4 18. Bxe6 Rxe6 19. d4 exd4 20. Qxd4 Qxd4 21. Nxd4 Rxe1+ 22. Rxe1 Nd3 23. Re2 Rd8 24. Ngf5 Kf8 25. g3 Nge5 26. f4 Nc4 27. b4 g6 28. Ne3 Nc1 29. Nxc4 Rxd4 30. Re1 Rxc4 31. Rxc1 Ke7 32. Kf2 f5 33. Ke3 Kd6 34. Kd3 Re4 35. Kd2 c5 36. bxc5+ Kxc5 37. Rb1 Kc6 38. Rb6+ Kc7 39. Rf6 Re7 40. Kd3 Rd7+ 41. Kc4 Re7 42. Kc5 Rd7 43. c4 Re7 44. h3 Rd7 45. g4 fxg4 46. hxg4 Re7 47. Kd5 Rd7+ 48. Ke5 Re7+ 49. Re6 Kd7 50. Rxe7+ Kxe7 51. g5 Kf7 52. Kd5 Kg7 53. Kc5 h5 54. gxh6+ Kxh6 55. Kb6 Kh5 56. Kxb7 Kg4 57. c5 Kxf4 58. c6 g5 59. c7 g4 60. c8=Q g3 61. Qc1+ Kf3 62. Qg1 g2 63. Kxa6 Kg3 64. Qxg2+ Kxg2 65. Kb6 1-0


[Site "https://www.chess.com"]

[Event "Titled Tuesday Blitz July 05 Late 2022"]
[White "Pakleza, Zbigniew"]
[Black "Palchuk, Andrii"]
[WhiteFideId "1119290"]
[BlackFideId "14176688"]
[WhiteElo "2467"]
[BlackElo "2338"]
[Result "0-1"]
[Round "08"]
[TimeControl "180+1"]
[Date "2022.07.05"]
[WhiteClock "0:00:08"]
[BlackClock "0:00:08"]

1. d4 Nf6 2. Nf3 c5 3. c3 g6 4. Bf4 Bg7 5. e3 b6 6. Bc4 d5 7. Bb5+ Bd7 8. Bd3 O-O 9. Nbd2 Nc6 10. h3 Bc8 11. O-O Bb7 12. Ne5 Nd7 13. Nxc6 Bxc6 14. Nf3 f6 15. Bh2 e5 16. Be2 e4 17. Nd2 c4 18. b3 b5 19. a4 a6 20. Qc2 f5 21. Qa2 Nb6 22. a5 Nc8 23. bxc4 dxc4 24. Qa3 g5 25. Rab1 f4 26. Bg4 Nd6 27. Qc5 Bb7 28. Rfe1 Kh8 29. h4 h6 30. hxg5 hxg5 31. exf4 gxf4 32. g3 e3 33. fxe3 f3 34. Qh5+ Kg8 35. Nxf3 Qe8 36. Ng5 Qxh5 37. Bxh5 Rf5 38. g4 Rxg5 39. Bxd6 Bf3 40. Bf4 Rd5 41. e4 Rd7 42. Kf2 Rf8 43. Kxf3 Bh6 44. Kg2 Bxf4 45. e5 Bd2 46. Re4 Bxc3 47. e6 Re7 48. d5 Rd8 49. Rd1 Bb4 50. g5 Bd6 51. Kf3 Rde8 52. Kg4 Rf8 53. Bf7+ Kg7 54. Kf5 c3 55. g6 Rh8 56. Rh1 Rxh1 57. Re3 Rf1+ 58. Kg4 c2 59. Rc3 c1=Q 60. Rxc1 Rxc1 61. Kf5 Rc4 62. Kg5 Rf4 63. Kh5 Rfxf7 64. gxf7 Rxf7 65. e7 Rxe7 66. Kg5 b4 67. Kf5 b3 0-1


[Site "https://www.chess.com"]

[Event "Titled Tuesday Blitz July 05 Late 2022"]
[White "Paravyan, David"]
[Black "Papp, Levente"]
[WhiteFideId "4194985"]
[BlackFideId "751243"]
[WhiteElo "2569"]
[BlackElo "2308"]
[Result "1-0"]
[Round "08"]
[TimeControl "180+1"]
[Date "2022.07.05"]
[WhiteClock "0:01:43"]
[BlackClock "0:00:04"]

1. e4 e6 2. d4 d5 3. Nc3 Bb4 4. e5 Ne7 5. a3 Bxc3+ 6. bxc3 b6 7. Qg4 Ng6 8. h4 h5 9. Qg3 Ba6 10. Bxa6 Nxa6 11. Ne2 Qd7 12. a4 c5 13. O-O Rc8 14. a5 b5 15. Nf4 Nxf4 16. Bxf4 Kf8 17. Rab1 Nb8 18. dxc5 a6 19. c4 bxc4 20. Rb6 Nc6 21. Rfb1 Nxa5 22. Qa3 Nc6 23. Qxa6 Kg8 24. Rb7 Qe8 25. R1b6 Kh7 26. Qa3 Nd4 27. Qe3 Nf5 28. Qf3 Rxc5 29. Qxh5+ Kg8 30. Qg5 Rc8 31. h5 Qa4 32. Rxf7 Qxc2 33. g4 Kxf7 34. gxf5 Kg8 35. Rb7 Rh7 36. f6 Qd1+ 37. Kg2 Qxh5 38. f7+ Kf8 39. Qe7# 1-0


[Site "https://www.chess.com"]

[Event "Titled Tuesday Blitz July 05 Late 2022"]
[White "Petrovic, Aleksa"]
[Black "Wieczorek, Oskar"]
[WhiteFideId "967629"]
[BlackFideId "1133950"]
[WhiteElo "2185"]
[BlackElo "2330"]
[Result "0-1"]
[Round "08"]
[TimeControl "180+1"]
[Date "2022.07.05"]
[WhiteClock "0:00:11"]
[BlackClock "0:00:52"]

1. d4 Nf6 2. c4 c5 3. d5 g6 4. Nc3 Bg7 5. e4 d6 6. f3 O-O 7. Nge2 b5 8. Nxb5 Ba6 9. Ng3 Nfd7 10. Be2 Bxb5 11. cxb5 a6 12. a4 axb5 13. Bxb5 Na6 14. O-O Nc7 15. Bc6 Ra7 16. Rb1 Ne5 17. b4 cxb4 18. Rxb4 Na6 19. Rb5 Nxc6 20. dxc6 Qc7 21. Be3 Nc5 22. Bxc5 dxc5 23. Qd7 Qxd7 24. cxd7 Rxd7 25. Ne2 Rd2 26. Nf4 Bd4+ 27. Kh1 e6 28. a5 Ra8 29. h4 h5 30. Rfb1 Kg7 31. Rb7 Kf6 32. g4 hxg4 33. fxg4 Ke5 34. Rxf7 Rxa5 35. Re1 Raa2 36. Nxg6+ Kd6 37. e5+ Kc6 38. Ne7+ Kb5 39. Rb1+ Ka6 0-1


[Site "https://www.chess.com"]

[Event "Titled Tuesday Blitz July 05 Late 2022"]
[White "Poltorak, Sebastian"]
[Black "Holt, Conrad"]
[WhiteFideId "1199498"]
[BlackFideId "2034387"]
[WhiteElo "2104"]
[BlackElo "2586"]
[Result "1-0"]
[Round "08"]
[TimeControl "180+1"]
[Date "2022.07.05"]
[WhiteClock "0:00:06"]
[BlackClock "0:00:01"]

1. d4 d5 2. c4 c6 3. Nf3 Nf6 4. Nc3 dxc4 5. a4 Bf5 6. Nh4 Bd7 7. e3 e6 8. Bxc4 Nd5 9. Nf3 Bb4 10. Bd2 Qa5 11. O-O Nxc3 12. bxc3 Bxc3 13. Bxc3 Qxc3 14. Ne5 O-O 15. a5 Qb4 16. Rb1 Qxa5 17. Rxb7 Bc8 18. Qb3 Bxb7 19. Qxb7 Na6 20. Nxc6 Qc7 21. Bxa6 Qd6 22. h3 g6 23. e4 Kg7 24. Qb5 Rae8 25. Rd1 Qd7 26. d5 exd5 27. exd5 Qd6 28. Qb2+ Kg8 29. Qd4 h5 30. Bb5 Ra8 31. Qe5 Qxe5 32. Nxe5 a5 33. Ba4 Rfb8 34. Nc6 Rb2 35. d6 Ra2 36. Bb5 Rb2 37. d7 Rxb5 38. d8=Q+ Rxd8 39. Rxd8+ Kg7 40. Ra8 Rb1+ 41. Kh2 Rb2 42. f3 g5 43. Rxa5 f6 44. Nd4 Kg6 45. Kg1 Rd2 46. Rd5 Rd1+ 47. Kf2 Kf7 48. g4 h4 49. Ke2 Rh1 50. Nf5 Rh2+ 51. Kf1 Ra2 52. Rd7+ Ke6 53. Re7+ Kd5 54. Re2 Ra1+ 55. Kf2 Ra7 56. Ne3+ Kd4 57. Ng2 Kd5 58. f4 Ra3 59. Re3 Ra2+ 60. Kf3 Ra1 61. f5 Rf1+ 62. Ke2 Rh1 63. Kf2 Kd4 64. Ra3 Ke4 65. Ra4+ Kd3 66. Ra6 Rxh3 67. Ra3+ Ke4 68. Rxh3 Ke5 69. Re3+ 1-0


[Site "https://www.chess.com"]

[Event "Titled Tuesday Blitz July 05 Late 2022"]
[White "Premnath, R."]
[Black "Urbina Perez, Juan Antonio"]
[WhiteFideId "5021928"]
[BlackFideId "2217368"]
[WhiteElo "2599"]
[BlackElo "2192"]
[Result "1-0"]
[Round "08"]
[TimeControl "180+1"]
[Date "2022.07.06"]
[WhiteClock "0:00:16"]
[BlackClock "0:00:01"]

1. d4 d5 2. c4 c6 3. Nf3 Nf6 4. Nc3 a6 5. e3 Bf5 6. Bd3 Bxd3 7. Qxd3 e6 8. O-O Nbd7 9. e4 dxe4 10. Nxe4 Nxe4 11. Qxe4 Nf6 12. Qe2 Be7 13. Rd1 O-O 14. Bg5 Re8 15. Rd3 h6 16. Bh4 b5 17. b3 Nd7 18. Bxe7 Qxe7 19. Rad1 bxc4 20. bxc4 Rab8 21. c5 e5 22. dxe5 Nxe5 23. Nxe5 f6 24. Re3 fxe5 25. Qc4+ Qf7 26. Qxa6 Rb2 27. Rf3 Qxa2 28. Qxc6 Qe6 29. Qe4 Reb8 30. h3 R2b4 31. Qc2 Rb2 32. Qa4 R2b4 33. Qa7 Rb1 34. Rd3 Rxd1+ 35. Rxd1 Re8 36. Qb7 Re7 37. Qa8+ Kh7 38. Qe4+ Qg6 39. Qd5 Qe6 40. f3 e4 41. fxe4 Qxe4 42. Qxe4+ Rxe4 43. Rc1 Re7 44. c6 Rc7 45. Kf2 Kg6 46. Ke3 Kf6 47. Kd4 Ke6 48. Kc5 Rc8 49. Re1+ Kf7 50. Kd6 Rd8+ 51. Kc7 Rd2 52. g4 Rd3 53. Rc1 Rxh3 54. Kc8 Kg6 55. c7 Kg5 56. Kd7 Rd3+ 57. Ke7 Re3+ 58. Kf7 Rf3+ 59. Kxg7 Kxg4 60. c8=Q+ Kg3 61. Rg1+ Kf2 62. Qc5+ Ke2 63. Qe5+ Kf2 64. Qd4+ Ke2 65. Qd1+ Ke3 66. Re1+ Kf4 67. Qd6+ 1-0


[Site "https://www.chess.com"]

[Event "Titled Tuesday Blitz July 05 Late 2022"]
[White "Preotu, Razvan"]
[Black "Ezat, Mohamed"]
[WhiteFideId "2613280"]
[BlackFideId "10600906"]
[WhiteElo "2407"]
[BlackElo "2386"]
[Result "1-0"]
[Round "08"]
[TimeControl "180+1"]
[Date "2022.07.05"]
[WhiteClock "0:00:08"]
[BlackClock "0:00:52"]

1. e4 c6 2. Nc3 d5 3. Nf3 Bg4 4. h3 Bh5 5. exd5 cxd5 6. Bb5+ Nc6 7. g4 Bg6 8. Ne5 Rc8 9. d4 e6 10. Qe2 Bb4 11. h4 Ne7 12. h5 Be4 13. f3 O-O 14. Nxc6 Nxc6 15. Be3 Qf6 16. fxe4 Nxd4 17. Bxd4 Qxd4 18. Rd1 Bxc3+ 19. bxc3 Qxc3+ 20. Kf1 Qxc2 21. exd5 exd5 22. Rxd5 a6 23. Bd3 Qc6 24. Qe4 g6 25. Kg2 Rfe8 26. Qf3 Re6 27. g5 Rce8 28. Rf1 R6e7 29. h6 Qc3 30. Rf2 Rf8 31. Qf6 Qxf6 32. Rxf6 Rfe8 33. Bc4 Re4 34. Rc5 R4e7 35. Rxf7 Rxf7 36. Rc7 Rf8 37. Rxb7 a5 38. a4 Kh8 39. Bxf7 Rc8 40. Kf2 Rc2+ 41. Ke3 Rc3+ 42. Kd4 Rc4+ 43. Ke5 Re4+ 44. Kd6 Re6+ 45. Kc5 Re5+ 46. Bd5 Re8 47. Bc6 Rc8 48. Kb6 Kg8 49. Ra7 Rb8+ 50. Bb7 Kf7 51. Ra8 Re8 52. Rxe8 Kxe8 53. Kxa5 Ke7 54. Kb6 Kd6 55. a5 Ke5 56. a6 Kf5 57. a7 Kxg5 58. a8=Q Kxh6 59. Be4 Kh5 60. Qd8 g5 61. Qf6 Kh4 62. Bxh7 Kh3 63. Qxg5 Kh2 64. Be4 Kh3 65. Bd5 Kh2 66. Qg2# 1-0


[Site "https://www.chess.com"]

[Event "Titled Tuesday Blitz July 05 Late 2022"]
[White "Riehle, Marco"]
[Black "Tari, Aryan"]
[WhiteFideId "12904392"]
[BlackFideId "1510045"]
[WhiteElo "2462"]
[BlackElo "2612"]
[Result "1/2-1/2"]
[Round "08"]
[TimeControl "180+1"]
[Date "2022.07.05"]
[WhiteClock "0:00:19"]
[BlackClock "0:00:11"]

1. e4 c6 2. c4 d5 3. cxd5 cxd5 4. exd5 Nf6 5. Nc3 Nxd5 6. Nf3 Nc6 7. Bb5 g6 8. Qa4 Nb6 9. Bxc6+ bxc6 10. Qxc6+ Bd7 11. Qe4 Bg7 12. O-O Bf5 13. Qc6+ Bd7 14. Qe4 O-O 15. d4 Nc4 16. b3 Nd6 17. Qe2 Re8 18. Bb2 Qa5 19. Ne5 Bc8 20. Nc6 Qc7 21. d5 e6 22. Rac1 Bb7 23. Qf3 Qd7 24. Na4 Bxb2 25. Nxb2 exd5 26. Nd4 Ne4 27. Rfd1 Rac8 28. h3 Ba6 29. Na4 Qd6 30. Qg4 h5 31. Qf3 Qa3 32. Ra1 Re7 33. Qf4 Rce8 34. Nf3 Bb5 35. Rxd5 Bxa4 36. bxa4 Nc3 37. Rd2 Ne2+ 38. Rxe2 Rxe2 39. Qd4 Qb2 40. a5 Qxd4 41. Nxd4 Rd2 42. Nb5 Re7 43. a4 a6 44. Na3 Rd5 45. Nc4 Rc7 46. Ne3 Rxa5 47. Ra3 Rac5 48. Rb3 Rc1+ 49. Kh2 Ra1 50. Rb4 a5 51. Rf4 Rc5 52. g4 hxg4 53. hxg4 Kg7 54. Kg3 Rb1 55. Rd4 Rb4 56. Rd7 Rxa4 57. Ra7 Ra3 58. Kf3 a4 59. Ke4 Ra1 60. f4 a3 61. g5 Rb5 62. Ng4 Rb4+ 63. Ke3 Re1+ 64. Kf2 Ree4 65. Nf6 Rxf4+ 66. Kg3 Rxf6 67. gxf6+ Kxf6 68. Rxa3 g5 69. Ra6+ Kf5 70. Ra5+ Kg6 71. Ra8 Rb3+ 72. Kf2 f5 73. Kg2 g4 74. Ra6+ Kg5 75. Ra2 f4 76. Kf2 Kh4 77. Ke2 Kh3 78. Kd2 g3 79. Kc2 Re3 80. Ra8 g2 81. Rh8+ Kg3 82. Rg8+ Kf2 83. Kb2 g1=Q 84. Rc8 Qf1 85. Rc2+ Qe2 86. Kb1 Qxc2+ 87. Ka1 Ke2 1/2-1/2


[Site "https://www.chess.com"]

[Event "Titled Tuesday Blitz July 05 Late 2022"]
[White "Roman, Rodrigo"]
[Black "Jorquera, Marcelo"]
[WhiteFideId "3701220"]
[BlackFideId "3401197"]
[WhiteElo "2001"]
[BlackElo "2136"]
[Result "0-1"]
[Round "08"]
[TimeControl "180+1"]
[Date "2022.07.06"]
[WhiteClock "0:00:26"]
[BlackClock "0:00:19"]

1. e4 d5 2. exd5 Qxd5 3. Nc3 Qa5 4. d4 Nf6 5. Nf3 Bf5 6. Bd3 e6 7. O-O Be7 8. Ne2 Bxd3 9. Qxd3 c6 10. c4 O-O 11. Bd2 Qd8 12. Bc3 Nbd7 13. Rad1 Qc8 14. Nf4 Bd6 15. Ne5 Qc7 16. b4 Nxe5 17. dxe5 Bxe5 18. Bxe5 Qxe5 19. Qf3 Qf5 20. Qe3 Qe4 21. Qxe4 Nxe4 22. Rd7 Rab8 23. f3 Nf6 24. Rd6 Rfd8 25. Rfd1 Rxd6 26. Rxd6 Kf8 27. Kf2 Ke7 28. Rd3 Rd8 29. g4 h6 30. h4 Rxd3 31. Nxd3 Nd7 32. f4 f6 33. Kf3 Kd6 34. Ke4 b6 35. a3 Nb8 36. c5+ Kc7 37. g5 Nd7 38. cxb6+ axb6 39. Kd4 Kd6 40. a4 e5+ 41. fxe5+ Nxe5 42. gxh6 gxh6 43. a5 Nxd3 44. Kxd3 bxa5 45. bxa5 Kc5 46. Ke4 Kb5 47. Kf5 c5 48. Kxf6 c4 49. Ke5 c3 50. Kf5 c2 51. Ke6 c1=Q 52. Ke5 Kxa5 53. Kf6 Qf4+ 54. Ke6 Qxh4 55. Kd6 Qg5 56. Ke6 h5 57. Kd7 h4 58. Ke6 h3 59. Kf7 h2 60. Kf8 h1=Q 61. Kf7 Qh7+ 62. Ke8 Qhe7# 0-1


[Site "https://www.chess.com"]

[Event "Titled Tuesday Blitz July 05 Late 2022"]
[White "Rustemov, Alexander"]
[Black "Storme, Isak"]
[WhiteFideId "4119002"]
[BlackFideId "1728113"]
[WhiteElo "2742"]
[BlackElo "2205"]
[Result "0-1"]
[Round "08"]
[TimeControl "180+1"]
[Date "2022.07.05"]
[WhiteClock "0:00:06"]
[BlackClock "0:00:05"]

1. d4 d5 2. c4 e6 3. Nc3 a6 4. cxd5 exd5 5. Nf3 h6 6. Bf4 Nf6 7. e3 Bd6 8. Bxd6 Qxd6 9. h3 Bf5 10. Qb3 Ra7 11. Be2 O-O 12. O-O Nbd7 13. Rfc1 c6 14. Na4 Re8 15. Nd2 g5 16. Qa3 Qe6 17. Bf1 h5 18. b4 g4 19. hxg4 hxg4 20. g3 Ne4 21. Nxe4 Bxe4 22. Bg2 Bxg2 23. Kxg2 Qe4+ 24. Kg1 Kg7 25. Kf1 Rh8 26. Ke2 Qf3+ 27. Kd3 Rh2 28. Rf1 Nf6 29. Nc3 Ne4 30. Nxe4 dxe4+ 31. Kc4 b5+ 32. Kc5 Qf5+ 33. Kb6 Qd7 34. Rh1 c5 35. Qxa6 Rxa6+ 36. Kxa6 Qc6+ 37. Ka5 Rxh1 38. Rxh1 cxb4 39. Kxb4 Qc4+ 40. Ka5 Qa4+ 41. Kb6 b4 42. d5 Qxa2 43. d6 Qd5 44. Kc7 Qc5+ 45. Kd7 b3 46. Rb1 Kf6 47. Rxb3 Ke5 48. Ke8 Qxd6 49. Rb5+ Kf6 50. Rb7 Qc6+ 51. Rd7 Ke6 52. Kf8 Qxd7 53. Kg7 Qd2 0-1


[Site "https://www.chess.com"]